 Dungeon Crawl Stone Soup version 0.30-a0-377-g5cb311bc9f (webtiles) character file.

Game seed: 313174705940305318

8307 zishaf the Fighter (level 10, -3/90 HPs)
             Began as a Demigod Wanderer on Nov 30, 2022.
             Slain by a red ugly thing (18 damage)
             ... on level 11 of the Dungeon.
             The game lasted 00:16:43 (12608 turns).

zishaf the Fighter (Demigod Wanderer)              Turns: 12608, Time: 00:16:44

Health: -3/90      AC: 16    Str: 10    XL:     10   Next: 81%
Magic:  14/19      EV: 13    Int: 32    God:
Gold:   613        SH:  0    Dex: 15    Spells: 3/17 levels left

rFire   . . .      SeeInvis +    a - +2 dagger (venom)
rCold   . . .      Faith    .    (no shield)
rNeg    . . .      Spirit   .    d - +2 leather armour
rPois   .          Reflect  .    E - +2 hat
rElec   .          Harm     .    n - +1 cloak of the Meager God {Int+5}
rCorr   .          Rampage  .    k - +0 pair of gloves
Will    +....                    J - +0 pair of boots
Stlth   +.........               H - amulet of the acrobat
HPRegen 0.35/turn                l - +4 ring of slaying
MPRegen 0.16/turn                z - ring of see invisible

@: ice-armoured
A: high MP 1, forlorn, divine attributes
a: no special abilities


You were on level 11 of the Dungeon.
You visited 1 branch of the dungeon, and saw 11 of its levels.

You collected 613 gold pieces.

Inventory:

Hand Weapons
 a - a +2 dagger of venom (weapon)
 b - a +2 war axe of electrocution
Missiles
 i - 21 poisoned darts
Armour
 d - a +2 leather armour (worn)
 k - a +0 pair of gloves (worn)
 n - the +1 cloak of the Meager God (worn) {Int+5}
   (You acquired it on level 6 of the Dungeon)

   Int:       It affects your intelligence (+5).
 x - a +1 ring mail of fire resistance
 C - a +2 ring mail of cold resistance
 E - a +2 hat (worn)
 J - a +0 pair of boots (worn)
Magical Staves
 v - a staff of air
Jewellery
 l - a +4 ring of slaying (left hand)
 u - a ring of resist corrosion
 z - a ring of see invisible (right hand)
 H - an amulet of the acrobat (around neck)
 K - the amulet "Qoacriyc" {Faith Int+4 Dex+5}
   (You found it on level 9 of the Dungeon)

   [amulet of faith]

   It allows you to gain divine favour quickly.
   Int:       It affects your intelligence (+4).
   Dex:       It affects your dexterity (+5).
 O - an amulet of magic regeneration
Wands
 s - a wand of mindburst (7)
 F - a wand of flame (38)
 G - a wand of charming (15)
 L - a wand of polymorph (4)
Scrolls
 e - a scroll of poison
 h - 6 scrolls of identify
 j - a scroll of enchant weapon
 m - a scroll of brand weapon
 p - 2 scrolls of blinking
 q - 4 scrolls of fog
 y - 2 scrolls of teleportation
 B - 2 scrolls of fear
 I - a scroll of torment
Potions
 c - 5 potions of lignification
 f - 5 potions of curing
 g - a potion of haste
 o - 8 potions of heal wounds
 r - a potion of berserk rage
 t - 2 potions of magic
 w - a potion of brilliance
 A - a potion of mutation
 D - 5 potions of attraction
 M - 2 potions of resistance
 N - a potion of ambrosia


   Skills:
 + Level 8.4 Fighting
 - Level 6.0 Axes
 - Level 4.5 Dodging
 - Level 1.0 Stealth
 + Level 4.0 Spellcasting
 + Level 8.1 Conjurations
 - Level 4.0 Ice Magic
 + Level 5.1 Air Magic
 - Level 4.0 Evocations


You had 3 spell levels left.
You knew the following spells:

 Your Spells              Type           Power      Damage    Failure   Level
a - Freeze                Ice            100%       1d10      1%          1
b - Magic Dart            Conj           100%       1d8       1%          1
c - Chain Lightning       Conj/Air       24%        3d32      100%        9
A - Ozocubu's Armour      Ice            32%        N/A       4%          3

Your spell library contained the following spells:

 Spells                   Type           Power      Damage    Failure   Level
 Dazzling Flash           Conj/Hex       64%        N/A       4%          3
 Cigotuvi's Dreadful Rot  Necr/Pois/Air  34%        N/A       6%          2
 Beastly Appendage        Tmut           12%        N/A       8%          1
 Wereblood                Tmut           6%         N/A       12%         2
 Spider Form              Tmut/Pois      6%         N/A       22%         3
 Tukima's Dance           Hex            6%         N/A       22%         3
 Summon Lightning Spire   Summ/Air       22%        N/A       26%         4
 Dispel Undead            Necr           6%         3d8       58%         4
 Manifold Assault         Tloc           6%         N/A       58%         4
 Metabolic Englaciation   Hex/Ice        9%         N/A       67%         5
 Death Channel            Necr           3%         N/A       100%        6
 Dispersal                Tloc           3%         N/A       100%        6
 Storm Form               Tmut/Air       11%        N/A       100%        7
 Disjunction              Tloc           3%         N/A       100%        8
 Maxwell's Capacitive Co  Air            19%        ∞         100%        8


Dungeon Overview and Level Annotations

Branches:
Dungeon (11/15)            Temple (0/1) D:6            Lair (0/5) D:9
    Orc (0/2) D:11

Annotations:
D:3 exclusion: oklob plant
D:4 3 runed translucent doors, p00ps00p's ghost, novice GnFi


Innate Abilities, Weirdness & Mutations

You have an increased reservoir of magic. (+10% MP)
You shall have no god before yourself.
Your divine heritage dramatically boosts your attributes as you level up.


Message History

The red ugly thing attacks as you move away!
The red ugly thing completely misses you.
You hit the red ugly thing.
The red ugly thing is poisoned.
The red ugly thing is lightly wounded.
The red ugly thing tentacle-slaps you.
You are engulfed in flames!
You barely miss the red ugly thing.
The red ugly thing is lightly wounded.
The red ugly thing tentacle-slaps you.
You are engulfed in flames!
You hit the red ugly thing.
The red ugly thing looks as sick as possible!
The red ugly thing is lightly wounded.
The red ugly thing tentacle-slaps you.
You are engulfed in flames!!
* * * LOW HITPOINT WARNING * * *
You are too injured to fight recklessly!
Casting: Freeze (safe; 1% risk of failure)
Confirm with . or Enter, or press ? or * to list all spells.
Aiming: Freeze (safe; 1% risk of failure)
Press: ? - help, Shift-Dir - straight line, f - red ugly thing
Aim: a red ugly thing (lightly wounded, extremely poisoned)
You freeze the red ugly thing!
The red ugly thing is moderately wounded.
The two-headed ogre looks more healthy.
The red ugly thing tentacle-slaps you.
* * * LOW HITPOINT WARNING * * *
You are engulfed in flames!!
* * * LOW HITPOINT WARNING * * *
Casting: Freeze (safe; 1% risk of failure)
Confirm with . or Enter, or press ? or * to list all spells.
A film of ice covers your body! The red ugly thing closely misses you.
Casting: Ozocubu's Armour (mildly dangerous; 4% risk of failure)
Confirm with . or Enter, or press ? or * to list all spells.
Aiming: Freeze (safe; 1% risk of failure)
Press: ? - help, Shift-Dir - straight line, f/p - red ugly thing
Aim: a red ugly thing (heavily wounded, extremely poisoned)
You freeze the red ugly thing.
The red ugly thing is heavily wounded.
The red ugly thing barely misses you.
You feel much better. The red ugly thing tentacle-slaps you!
* * * LOW HITPOINT WARNING * * *
You are engulfed in flames!!
You die...

##.## ##+## #...##
##...## #.#.#.##
##.....# #.#.#..##
##...>...
#.#.#...####..>.....
#.........'..[.....
##.#...####........
#.##.## ###.......
#@#### #........#
#u#######.###...##
#####O##.........#+##
#.........#...#..#.#
#.###.#..###.###.#.#
#.##..#...#..#.##
#......._.......##
####..#...#......#
...###.###....##


You could see a red ugly thing (very poisoned) and a two-headed ogre.

Vanquished Creatures
  2 two-headed ogres
  Pikel (D:5)
  A manticore (D:11)
  A troll (D:11)
  Prince Ribbit (D:7)
  A jumping spider (shapeshifter) (D:8)
  A shadow (D:9)
  A vampire (D:10)
  A wraith (D:11)
  9 yaks
  2 wyverns (D:9)
  A basilisk (D:11)
  Menkaure (D:7)
  An acid dragon (D:8)
  4 water moccasins (D:9)
  An orc warrior (D:6)
  3 lemures (D:5)
  A phantom (D:5)
  7 centaurs
  4 kobold brigands
  A gnoll sergeant (D:9)
  A scorpion (D:9)
  5 bullfrogs
  A necrophage (D:6)
  3 wights (D:8)
  15 killer bees
  3 jellies
  2 hounds
  2 orc priests
  4 iguanas
  3 orc wizards
  12 gnolls
  7 adders
  A white imp (D:5)
  An ufetubus (D:7)
  A worm (D:2)
  5 dart slugs
  20 orcs
  3 ball pythons
  11 endoplasms
  8 giant cockroaches
  6 goblins
  5 hobgoblins
  18 kobolds
  3 quokkas
  7 bats
  2 frilled lizards (D:2)
  8 rats
202 creatures vanquished.

Vanquished Creatures (others)
  A bat (D:2)
  24 fungi (D:9)
  35 plants (D:9)
  15 toadstools (D:3)
75 creatures vanquished.

Grand Total: 277 creatures vanquished

Notes
Turn   | Place    | Note
-------+----------+-------------------------------------------
     0 | D:1      | zishaf the Demigod Wanderer began the quest for the Orb.
     0 | D:1      | zishaf set off with the following items: a +0 dagger, a
                  | potion of attraction, a potion of lignification, a +2
                  | leather armour; and the following spell memorised: Freeze;
                  | and the following spells available to memorise: Ozocubu's
                  | Armour.
     0 | D:1      | Reached XP level 1. HP: 14/14 MP: 4/4
    73 | D:1      | Reached XP level 2. HP: 22/22 MP: 0/6
    82 | D:1      | Reached skill level 1 in Fighting
   771 | D:1      | Reached XP level 3. HP: 27/28 MP: 6/8
  1299 | D:2      | Got Plato's Verses on Battle Magic
  1850 | D:2      | Reached XP level 4. HP: 28/36 MP: 4/9
  2399 | D:3      | Got the Atlas of Voltaic Jinxing
  2839 | D:3      | Noticed an oklob plant
  3290 | D:4      | Learned a level 1 spell: Magic Dart
  3429 | D:4      | Found a runed translucent gate.
  3430 | D:4      | Found a runed translucent gate.
  3431 | D:4      | Found a runed translucent gate.
  3741 | D:4      | Noticed p00ps00p's ghost (novice GnFi)
  3860 | D:5      | Entered Level 5 of the Dungeon
  3862 | D:5      | Noticed a lemure
  3862 | D:5      | Noticed a lemure
  3863 | D:5      | Noticed Pikel
  3863 | D:5      | Noticed a lemure
  3875 | D:5      | Killed a lemure
  3883 | D:5      | Killed a lemure
  3890 | D:5      | Killed a lemure
  4036 | D:5      | Noticed a phantom
  4057 | D:5      | Killed a phantom
  4058 | D:5      | Reached skill level 1 in Conjurations
  4058 | D:5      | Reached XP level 5. HP: 26/44 MP: 10/10
  4470 | D:5      | Killed Pikel
  4471 | D:5      | Reached XP level 6. HP: 17/52 MP: 6/13
  4471 | D:5      | Reached XP level 7. HP: 19/59 MP: 6/15
  5017 | D:6      | Identified a scroll of acquirement
  5017 | D:6      | Acquired the +1 cloak of the Meager God {Int+5}
  5072 | D:6      | Found a staircase to the Ecumenical Temple.
  5788 | D:6      | Reached skill level 5 in Fighting
  5788 | D:6      | Reached skill level 1 in Axes
  5853 | D:7      | Reached XP level 8. HP: 43/68 MP: 12/17
  6163 | D:7      | Noticed Menkaure
  6171 | D:7      | Killed Menkaure
  6256 | D:7      | Noticed Prince Ribbit
  6272 | D:7      | Killed Prince Ribbit
  6273 | D:7      | Reached skill level 5 in Conjurations
  6676 | D:7      | Noticed a green death
  6679 | D:7      | Noticed an angel
  7136 | D:8      | Reached skill level 1 in Evocations
  7772 | D:8      | Noticed a two-headed ogre
  7790 | D:8      | Killed a two-headed ogre
  7791 | D:8      | Reached XP level 9. HP: 65/78 MP: 14/18
  7807 | D:8      | Learned a level 9 spell: Chain Lightning
  8051 | D:8      | Learned a level 3 spell: Ozocubu's Armour
  8411 | D:8      | Reached skill level 1 in Air Magic
  8636 | D:9      | Reached skill level 5 in Axes
  8830 | D:9      | Found a staircase to the Lair.
  9096 | D:9      | Reached XP level 10. HP: 65/86 MP: 19/19
  9192 | D:9      | Identified the amulet "Qoacriyc" {Faith Int+4 Dex+5}
  9628 | D:10     | Entered Level 10 of the Dungeon
  9955 | D:10     | Noticed a two-headed ogre
  9981 | D:10     | Killed a two-headed ogre
 12081 | D:11     | Noticed a manticore
 12090 | D:11     | Killed a manticore
 12091 | D:11     | Reached skill level 5 in Air Magic
 12551 | D:11     | Found a staircase to the Orcish Mines.
 12587 | D:11     | Noticed a two-headed ogre
 12594 | D:11     | Noticed a red ugly thing
 12605 | D:11     | HP: 3/90 [red ugly thing (18)]
 12608 | D:11     | Slain by a red ugly thing

Illustrated notes

Levels and vault maps discovered:
D:1:      lemuel_arrival_hallway, layout_loops_ring
D:2:      minmay_inner_zag, layout_basic, shapermc_ecumenical_altar_rom_forum,
          kennysheep_cluttered_room, dreamdust_princess_corridor
D:3:      layout_basic, tgw_fedhas, mainiacjoe_overflow_concentric_impassable,
          st_stairs_9, hangedman_abyss_or_decor_lesser_grid
D:4:      layout_basic, mainiacjoe_overflow_brackets, ebering_ghost_rock_garden
D:5:      layout_basic, serial_bayou_crossing, uniq_pikel
D:6:      layout_rooms, chequers_temple_overflow_statue_of_worship,
          minmay_temple_entry_stoned_glass
D:7:      layout_basic, grunt_temple_overflow_order_and_chaos_2, uniq_menkaure,
          uniq_prince_ribbit1
D:8:      layout_gridville, grunt_decor_resistance
D:9:      layout_basic, due_lair_maze_entry_diamond
D:10:     layout_grid_maze
D:11:     layout_loops_corners, orc_0_dummy, vehumet_crystals, uniq_fannar,
          uniq_josephine

Skill      XL: |  1  2  3  4  5  6  7  8  9 10 |
---------------+-------------------------------+-----
Fighting       | 1 2 4 5 6 7 8 |  8.4
Ice Magic      | 3 4 |  4.0
Spellcasting   | 2 3 4 |  4.0
Conjurations   | 1 3 4 6 8 |  8.1
Axes           | 1 4 5 6 |  6.0
Evocations     | 2 4 |  4.0
Air Magic      | 2 5 |  5.1
Dodging        | |  4.5
Stealth        | |  1.0

Action                   |  1- 3 |  4- 6 |  7- 9 | 10-12 || total
-------------------------+-------+-------+-------+-------++-------
Melee: Dagger            |    33 |    55 |   237 |   131 ||   456
       Punch             |       |       |     2 |     2 ||     4
       War axe           |       |       |    20 |    21 ||    41
 Cast: Freeze            |    53 |    66 |    80 |    32 ||   231
       Magic Dart        |       |     1 |    12 |     2 ||    15
       Ozocubu's Armour  |       |       |     1 |     4 ||     5
  Use: Scroll            |       |     6 |    14 |     3 ||    23
       Potion            |       |       |       |     1 ||     1
 Stab: Sleeping          |     2 |       |       |       ||     2
Armor: Leather armour    |    28 |    28 |   118 |   111 ||   285
       Ring mail         |       |     3 |     3 |       ||     6
Dodge: Dodged            |    46 |    73 |   256 |   210 ||   585

Table legend: (Time is in decaauts)
 A = Elapsed time spent in this place.
 B = Non-inter-level travel time spent in this place.
 C = Inter-level travel time spent in this place.
 D = Time resting spent in this place.
 E = Time spent auto-exploring this place.
 F = Levels seen in this place.
 G = Mean time per level.
                   A        B        C        D        E       F      G
               +--------+--------+--------+--------+--------+-----+--------+
         Total |  12641 |  12348 |    293 |    641 |   9963 |  11 | 1149.2 |
       Dungeon |  12641 |  12348 |    293 |    641 |   9963 |  11 | 1149.2 |
               +--------+--------+--------+--------+--------+-----+--------+

Top non-repeatable levels by time:
    D:10: 1690 daAuts
     D:8: 1355 daAuts
    D:11: 1300 daAuts
     D:7: 1283 daAuts
     D:2: 1215 daAuts
     D:5: 1154 daAuts
     D:9: 1153 daAuts
     D:1: 1087 daAuts
     D:6: 846 daAuts
     D:4: 780 daAuts
     D:3: 775 daAuts
